 Dungeon Crawl Stone Soup version 0.26.0-9-gab577f9fc5 (webtiles) character file.

Game seed: 17173123536454782936

24 Jerry the Slasher (level 2, 0/17 HPs)
             Began as a Vampire Gladiator on Jan 13, 2021.
             Was an Initiate of Okawaru.
             Slain by a quokka (2 damage)
             ... on level 1 of the Dungeon.
             The game lasted 00:03:59 (864 turns).

Jerry the Slasher (Vampire Gladiator)                Turns: 864, Time: 00:04:00

Health: 0/17       AC:  4    Str: 13    XL:     2   Next: 79%
Magic:  2/2        EV: 13    Int: 10    God:    Okawaru [......]
Gold:   46         SH:  0    Dex: 15    Spells: 1/1 levels left

rFire    . . .     SeeInvis +   a - +0 long sword
rCold    + + .     Faith    .   (no shield)
rNeg     + + +     Spirit   .   b - +0 leather armour
rPois    ∞         Reflect  .   c - +0 helmet
rElec    .         Harm     .   (no cloak)
rCorr    .         Rampage  .   (no gloves)
Will     .....                  (no boots)
Stlth    ++++......             (no amulet)
HPRegen  0.00/turn              (no ring)
MPRegen  0.08/turn              (no ring)

@: bloodless
A: fangs 3, see invisible, unbreathing
a: Revivify, Renounce Religion


You were on level 1 of the Dungeon.
You worshipped Okawaru.
Okawaru was noncommittal.
You visited 1 branch of the dungeon, and saw 2 of its levels.

You collected 46 gold pieces.

Inventory:

Hand Weapons
 a - a +0 long sword (weapon)
Missiles
 d - 3 throwing nets (quivered)
Armour
 b - a +0 leather armour (worn)
 c - a +0 helmet (worn)
Potions
 e - a potion of might {unknown}
 f - a potion of attraction {unknown}
 h - 2 potions of haste


   Skills:
 + Level 2.1 Fighting
 * Level 3.4 Long Blades
 - Level 1.5 Throwing
 + Level 0.6 Armour
 - Level 3.2 Dodging
 + Level 1.6 Stealth
 + Level 0.0 Invocations


You had one spell level left.
You didn't know any spells.
Your spell library was empty.

Dungeon Overview and Level Annotations

Branches:
Dungeon (2/15)

Altars:
Okawaru


Innate Abilities, Weirdness & Mutations

You do not regenerate when monsters are visible.
You are frail without blood (-20% HP).
You can heal yourself when you bite living creatures.
You are immune to poison.
You have razor-sharp teeth.
You have supernaturally acute eyesight. (SInv)
You can survive without breathing.


Message History

The gnoll is moderately wounded.
You are too injured to fight recklessly!
You are too injured to fight recklessly!
You are too injured to fight recklessly!
You are too injured to fight recklessly!
Found 13 gold pieces.
The quokka closely misses you.
There is a stone staircase leading up here.
The quokka bites you.
* * * LOW HITPOINT WARNING * * *
You climb upwards.
There is a stone staircase leading down here.
You see here a +0 dagger.
The quokka bites you.
* * * LOW HITPOINT WARNING * * *
The gnoll hits you.
* * * LOW HITPOINT WARNING * * *
Okay, then.
You hit the quokka but do no damage. The quokka bites you.
You die...

#...#.###...# #.......
#...#.###...# #####...
#.......#...### #...
#...#.#.#...#.# #.#.
#...#.........# #.#.
#####.>....#########.#.
#g.............#...
#####r#.##.####........
#.....@....###..#####'#
##....#.#..##..##......
#....#.#..#..##.######
#...##....#.##.##.....
#...#####.#.#.#..'####
#...# #.#.#.#.##...#
#...# #.#.#.#.#.##'.
#...# #.#.#.#.#.#<#≈
#...# ###.#.#.#.#.###.


You could see a gnoll and a quokka.

Vanquished Creatures
  A dart slug (D:1)
  A leopard gecko (D:1)
  3 bats
  A giant cockroach (D:1)
  2 goblins (D:1)
  2 hobgoblins
  2 kobolds
  5 frilled lizards
  4 rats (D:1)
21 creatures vanquished.

Notes
Turn   | Place    | Note
-------+----------+-------------------------------------------
     0 | D:1      | Jerry the Vampire Gladiator began the quest for the Orb.
     0 | D:1      | Reached XP level 1. HP: 16/16 MP: 1/1
   107 | D:1      | Reached skill level 1 in Stealth
   153 | D:1      | Reached XP level 2. HP: 22/22 MP: 2/2
   770 | D:2      | Found an iron altar of Okawaru.
   783 | D:2      | Became a worshipper of Warmaster Okawaru
   864 | D:1      | Slain by a quokka

Illustrated notes

Levels and vault maps discovered:
D:1:      evilmike_arrival_rings, layout_basic
D:2:      layout_basic, nzn_wu_jian_contemplation, overflow_temple_1_default,
          serial_glass, glass_columns_a, glass_columns_b

Skill      XL: |  1  2 |
---------------+-------+-----
Stealth        | 1 |  1.6
Fighting       | 2 |  2.1
Long Blades    | |  3.4
Throwing       | |  1.5
Armour         | |  0.6
Dodging        | |  3.2

Action                   || total
-------------------------++-------
Melee: Long sword        ||    41
       Bite              ||     3
 Abil: Exsanguinate      ||     1
  Use: Scroll            ||     4
 Stab: Sleeping          ||     5
Armor: Leather armour    ||     7
Dodge: Dodged            ||    37
       Rpst.: Long sword ||    13
